Map: Royal Blood LE

Players

winzboy - Winner!

  • Race: Protoss Protoss
  • League: Gold
  • Spawn Location: 7:00

ikun

  • Race: Zerg Zerg
  • League: Gold
  • Spawn Location: 1:00

VOD

Have the link to the VOD?

Description

Time

  • Played on: May 22, 2023, 3:44 a.m.
  • Length: 15:52
Show
View Real Time Build Order
Export as new Build Order

winzboy Protoss - Winner!

Build Orders: Archon Immortal 

Get SALT Encoding   

  12  0:01  Probe  
  13  0:20  Probe (Chrono Boost)  
  14  0:24  Pylon  
  14  0:32  Probe (Chrono Boost)  
  15  0:41  Probe  
  16  1:00  Assimilator  
  16  1:02  Probe  
  16  1:04  Gateway  
  17  1:14  Probe (Chrono Boost)  
  19  1:26  Probe (Chrono Boost)  
  19  1:32  Nexus  
  19  1:34  Probe (Chrono Boost)  
  20  1:40  Probe  
  20  1:53  Cybernetics Core, Probe  
  21  2:06  Probe  
  22  2:09  Pylon  
  22  2:13  Assimilator  
  22  2:19  Probe  
  23  2:29  Stalker (Chrono Boost), Warp Gate (Chrono Boost)  
  23  2:31  Probe  
  26  2:43  Probe  
  27  2:55  Probe  
  27  2:58  Robotics Facility  
  28  3:01  Probe, Gateway x2  
  29  3:07  Probe  
  30  3:13  Probe  
  30  3:14  Stalker  
  33  3:35  Probe x2  
  35  3:44  Stalker (Chrono Boost)  
  35  3:47  Probe  
  35  3:48  Probe  
  40  3:55  Observer  
  40  4:00  Pylon  
  40  4:03  Pylon  
  40  4:15  Twilight Council  
  40  4:17  Pylon  
  40  4:19  Stalker  
  40  4:20  Pylon, Stalker  
  40  4:22  Stalker  
  46  4:26  Probe x2  
  48  4:38  Probe x2, Assimilator  
  50  4:40  Assimilator  
  50  4:49  Charge (Chrono Boost)  
  50  4:50  Probe x2  
  52  5:02  Probe x2  
  52  5:04  Gateway  
  52  5:05  Gateway  
  52  5:06  Gateway  
  54  5:14  Probe x2  
  56  5:22  Immortal (Chrono Boost)  
  56  5:26  Probe x2  
  62  5:38  Probe  
  62  5:39  Probe  
  64  5:53  Gateway  
  64  5:54  Gateway x2  
  64  5:55  Probe  
  64  5:56  Forge  
  65  5:57  Gateway  
  65  6:05  Zealot x3  
  65  6:06  Zealot  
  65  6:07  Zealot  
  75  6:21  Zealot  
  77  6:35  Probe  
  78  6:46  Nexus  
  78  6:48  Pylon  
  78  6:50  Pylon  
  78  6:52  Protoss Ground Weapons Level 1 (Chrono Boost)  
  78  6:53  Pylon  
  78  6:56  Templar Archives  
  78  6:58  Pylon  
  78  7:01  Pylon  
  78  7:05  Pylon  
  78  7:06  Probe x2  
  80  7:09  Immortal  
  84  7:18  Probe x2  
  86  7:26  Pylon  
  86  7:30  Probe x2  
  86  7:34  High Templar x3  
  86  7:35  High Templar x2  
  98  7:39  Archon x2  
  98  7:49  Probe x2, Immortal (Chrono Boost)  
  104  8:01  Probe x2  
  104  8:02  Zealot  
  104  8:03  Zealot x2  
  112  8:07  High Templar x2  
  116  8:23  Warp Prism (Chrono Boost)  
  118  8:40  Archon  
  76  9:14  Zealot  
  76  9:15  Zealot x3  
  76  9:16  Zealot x3  
  88  9:17  Zealot x3  
  88  9:20  Immortal  
  92  9:37  Zealot  
  92  9:38  Zealot x3  
  96  9:39  Zealot x2  
  96  9:40  Zealot x2  
  96  9:41  Zealot x2  
  112  9:58  High Templar x3  
  112  9:59  High Templar x2, Immortal  
  126  10:00  High Templar x3  
  126  10:01  High Templar  
  134  10:08  Pylon  
  134  10:11  Pylon, Archon x3  
  134  10:13  Archon  
  134  10:15  High Templar, Pylon x2  
  136  10:23  Archon  
  136  10:31  Stalker x2  
  136  10:32  Stalker x3  
  136  10:33  Stalker  
  142  10:53  Zealot x3  
  142  10:54  Zealot x2  
  126  11:03  Zealot  
  126  11:04  Zealot x3  
  112  11:05  Zealot  
  104  11:39  Zealot x3  
  110  11:40  Zealot x2  
  110  11:41  Zealot x3  
  110  11:42  Zealot x2  
  88  12:06  Zealot x3  
  88  12:07  Zealot x2  
  94  12:15  Zealot x2  
  92  12:16  Zealot x3  
  98  12:45  Zealot  
  98  12:46  Zealot x3  
  98  12:47  Zealot x2  
  98  12:48  Zealot x2  
  94  12:54  Stalker  
  94  12:55  Stalker  
  80  13:07  Zealot  
  80  13:08  Zealot x3  
  80  13:09  Zealot x2  
  80  13:10  Zealot x2  
  87  13:28  High Templar  
  87  13:29  High Templar  
  89  13:34  Gateway  
  89  13:36  Gateway  
  89  13:37  Zealot x3  
  89  13:38  Zealot x3  
  89  13:39  Zealot, Gateway x2  
  99  13:42  Gateway  
  99  13:43  Gateway x2  
  99  13:46  Gateway  
  99  13:47  Gateway  
  99  13:48  Zealot  
  95  13:58  Zealot  
  95  13:59  Zealot x2  
  95  14:00  Zealot x2  
  95  14:01  Zealot x2  
  101  14:10  Probe  
  100  14:19  Zealot x2  
  100  14:20  Zealot x2  
  100  14:21  Zealot x2  
  110  14:35  Zealot  
  110  14:36  Zealot x3  
  110  14:37  Zealot x2  
  122  14:44  Immortal  
  126  14:50  Stalker x2  
  126  15:19  Pylon  
  130  15:43  Stalker  
  130  15:44  Stalker x3  
  130  15:45  Stalker x2  
Show
View Real Time Build Order
Export as new Build Order

ikun Zerg 

Build Orders: Hatch First 

Get SALT Encoding   

  12  0:01  Drone  
  13  0:10  Drone  
  14  0:16  Overlord  
  14  0:27  Extractor  
  14  0:28  Drone  
  14  0:35  Drone  
  16  0:50  Hatchery  
  16  0:55  Drone  
  16  0:58  Drone  
  16  1:01  Drone  
  18  1:14  Extractor  
  17  1:21  Drone  
  17  1:22  Spawning Pool  
  17  1:24  Drone  
  18  1:32  Drone  
  19  1:43  Drone  
  20  1:50  Overlord  
  20  2:09  Hatchery, Zergling x4  
  21  2:17  Metabolic Boost  
  21  2:24  Queen  
  23  2:34  Queen  
  25  2:39  Drone  
  26  2:47  Drone  
  26  2:48  Drone  
  26  2:49  Drone  
  29  2:51  Drone  
  29  2:58  Drone x2  
  31  3:02  Drone  
  33  3:09  Overlord  
  33  3:15  Queen  
  35  3:23  Queen  
  37  3:30  Queen  
  37  3:32  Drone  
  37  3:34  Drone  
  41  3:36  Drone  
  42  3:42  Drone  
  42  3:43  Drone x2  
  42  3:46  Drone  
  42  3:47  Drone  
  47  3:53  Drone  
  48  4:02  Drone x2  
  50  4:05  Overlord  
  50  4:14  Lair  
  50  4:23  Queen  
  52  4:24  Roach Warren  
  52  4:27  Drone  
  52  4:28  Drone x6  
  52  4:30  Evolution Chamber  
  57  4:33  Extractor  
  57  4:34  Extractor  
  57  4:35  Spore Crawler  
  54  4:43  Queen  
  56  4:46  Spore Crawler  
  56  4:51  Spore Crawler  
  54  4:52  Overlord  
  54  5:03  Queen  
  54  5:06  Drone x2  
  58  5:17  Glial Reconstitution  
  58  5:21  Drone x8  
  66  5:32  Overlord x3  
  66  5:33  Overlord  
  66  5:50  Queen x2  
  66  5:55  Hatchery  
  66  5:56  Zerg Missile Weapons Level 1  
  69  6:03  Infestation Pit  
  68  6:04  Baneling Nest  
  68  6:08  Overlord x4  
  68  6:10  Pneumatized Carapace  
  67  6:12  Roach  
  67  6:14  Roach  
  67  6:18  Overseer  
  71  6:21  Roach x2  
  75  6:45  Roach  
  75  6:46  Roach x10  
  97  6:51  Roach  
  97  6:52  Roach x2  
  103  6:55  Ravager x2  
  103  6:59  Overlord x2  
  105  7:06  Hive  
  105  7:09  Extractor  
  105  7:15  Queen  
  106  7:17  Drone x2  
  106  7:18  Drone  
  106  7:22  Centrifugal Hooks  
  109  7:40  Hatchery  
  108  8:00  Roach  
  108  8:01  Roach x13  
  136  8:19  Zerg Ground Armor Level 1  
  136  8:29  Drone x8  
  136  8:30  Drone x2  
  136  8:34  Extractor  
  145  8:36  Extractor, Viper  
  147  8:46  Drone x5  
  118  9:07  Roach x10  
  118  9:08  Roach x3  
  125  9:21  Roach  
  125  9:22  Roach x6  
  139  9:39  Ravager  
  139  9:40  Ravager x5  
  145  9:56  Roach  
  145  9:57  Roach x5  
  145  9:59  Overlord x2  
  157  10:00  Overlord x2  
  157  10:16  Hydralisk Den  
  156  10:28  Zergling x2  
  156  10:29  Zergling x32  
  156  10:33  Adrenal Glands  
  173  10:38  Overseer  
  173  10:42  Zergling x2  
  174  10:43  Zergling x12  
  132  11:10  Roach  
  132  11:11  Roach x16  
  126  11:21  Zergling x2  
  126  11:22  Zergling x16  
  133  11:33  Baneling x11  
  133  11:34  Baneling x3  
  77  12:16  Roach x15  
  77  12:17  Roach x7  
  113  12:26  Zergling x2  
  113  12:27  Zergling x14  
  121  12:36  Roach Warren  
  88  12:57  Roach x14  
  103  13:03  Overseer  
  103  13:07  Roach x4  
  110  13:17  Viper  
  110  13:18  Viper x2  
  93  13:31  Roach  
  93  13:32  Roach x6  
  93  13:38  Zergling x10  
  84  14:08  Zergling x8  
  84  14:09  Zergling x16  
  93  14:14  Ravager  
  48  14:44  Zergling x12  
  16  15:39  Hatchery  
Tags
 
Composition
Archon Immortal
League
GoldGold
Matchup
PvZ
Replay Pack
Multiplayer
Spawn Locations
Cross Positions
Add a new tag
Caveats
  • Supply blocks, unpowered buildings, or Contaminate may cause inaccurate times.
  • Supply counts are checked every 10 seconds.